 Dungeon Crawl Stone Soup version 0.29.0-4-gdea44cf6ec (webtiles) character file.

Game seed: 5700161133065902058

5154 qw the Cleaver (level 10, -2/66 HPs)
             Began as a Tengu Warper on Aug 28, 2022.
             Was an Elder of Okawaru.
             Slain by a two-headed ogre
             ... wielding a +0 giant club
              (27 damage)
             ... on level 9 of the Dungeon.
             The game lasted 00:01:08 (10715 turns).

qw the Cleaver (Tengu Warper)                      Turns: 10715, Time: 00:01:09

Health: -2/66      AC: 18    Str: 16    XL:     10   Next: 59%
Magic:  12/14      EV:  9    Int: 14    God:    Okawaru [****..]
Gold:   450        SH:  5    Dex: 13    Spells: 13/13 levels left

rFire   + . .      SeeInvis .   f - +3 war axe (vamp)
rCold   . . .      Faith    .   (no shield)
rNeg    + . .      Spirit   .   m - +0 plate armour {rN+}
rPois   +          Reflect  +   (helmet restricted)
rElec   .          Harm     .   k - +0 cloak
rCorr   .          Rampage  .   l - +0 pair of gloves
Will    +....                   (boots unavailable)
Stlth   ..........              n - amulet of reflection
HPRegen 0.21/turn               u - ring of poison resistance
MPRegen 0.14/turn               p - +4 ring of slaying {mikee}

@: heroic, flying quickly and evasively, quick
A: beak, talons 3, nimble flight, fire resistance 1, strong-willed 1, robust 1
a: Renounce Religion, Heroism, Finesse


You were on level 9 of the Dungeon.
You worshipped Okawaru.
Okawaru was greatly pleased with you.
You visited 1 branch of the dungeon, and saw 9 of its levels.
You also visited: Ossuary.

You collected 450 gold pieces.


Innate Abilities, Weirdness & Mutations

You have a beak for a mouth.
You have claws for feet.
Your magical nature lets you fly swiftly and evasively.
Your flesh is heat resistant. (rF+)
You are strong-willed. (Will+)
You are robust. (+10% HP)


   Skills:
 - Level 6.0(11.0) Fighting
 - Level 12.1(17.1) Axes
 + Level 3.6(8.6) Throwing
 - Level 6.2(11.2) Armour
 - Level 3.1(8.1) Dodging
 - Level 2.0 Spellcasting
 - Level 2.4 Translocations
 + Level 5.1 Invocations


You had 13 spell levels left.
You didn't know any spells.
Your spell library contained the following spells:

 Spells                   Type           Power      Damage    Failure   Level
 Blink                    Tloc           16%        N/A       98%         2
 Gell's Gravitas          Tloc           8%         N/A       100%        3
 Lesser Beckoning         Tloc           8%         N/A       100%        3
 Teleport Other           Tloc           8%         N/A       100%        3
 Manifold Assault         Tloc           8%         N/A       100%        5

Inventory:

Hand Weapons
 b - a +2 hand axe of flaming
 f - a +3 vampiric war axe (weapon)
Missiles
 e - 4 boomerangs
 h - a silver javelin
 w - 7 javelins (quivered)
Armour
 k - a +0 cloak (worn)
 l - a +0 pair of gloves (worn)
 m - a +0 plate armour of positive energy (worn)
Jewellery
 d - a +6 ring of dexterity
 n - an amulet of reflection (around neck)
 p - a +4 ring of slaying (right hand) {mikee}
 u - a ring of poison resistance (left hand)
 v - a ring of protection from fire
Scrolls
 g - 3 scrolls of identify
 r - 2 scrolls of teleportation
Potions
 a - 4 potions of curing
 c - 2 potions of magic
 i - 3 potions of haste
 j - a potion of might
 o - 2 potions of mutation
 q - a potion of heal wounds
 s - a potion of cancellation

Dungeon Overview and Level Annotations

Branches:
Dungeon (9/15)             Temple (0/1) D:6         Ossuary (visited)
   Lair: D:8-11         Orc: D:9-12

Altars:
Ashenzari
Cheibriados
Dithmenos
Elyvilon
Fedhas
Kikubaaqudgha
Okawaru
Ru
Sif Muna
Yredelemnul
Zin
The Shining One

Annotations:
D:2 1 runed translucent door, Crazy Yiuf
D:8 2 transporters


Message History

The silver javelin pierces through the kobold brigand!
The kobold brigand is heavily wounded.
The kobold brigand throws a poisoned dart.
The poisoned dart hits you!
Throw: 4 javelins
Press: ? - help, Q - select action, (/) - cycle Shift-Dir - straight line, f/p - kobold brigand You throw a javelin.
The javelin pierces through the kobold brigand.
The kobold brigand is severely wounded.
You barely miss the kobold brigand. Your kick misses the kobold brigand.
The kobold brigand is severely wounded.
The kobold brigand hits you but does no damage.
You completely miss the kobold brigand. Your kick misses the kobold brigand.
You peck the kobold brigand.
The kobold brigand is almost dead.
The kobold brigand hits you with a +0 dagger.
You slash the kobold brigand!
You kill the kobold brigand!
Okawaru accepts your kill.
You start resting.
HP restored.
Things that are here:
a +0 dagger; 4 poisoned darts
w - 4 javelins (gained 1);
h - a silver javelin
w - 7 javelins (gained 3)
You now have 450 gold pieces (gained 11).
Found a stone staircase leading down.
Enter note: A two-headed ogre comes into view.
It is wielding two +0 giant clubs.
The two-headed ogre shouts in stereo!
There is a stone staircase leading down here.
10713 ||| INVOKING Heroism.
You gain the combat prowess of a mighty hero.
The two-headed ogre hits you with a +0 giant club!! x2
You slash the two-headed ogre! You punch the two-headed ogre.
The two-headed ogre is lightly wounded.
You hit the two-headed ogre.
You feel better.
You peck the two-headed ogre.
The two-headed ogre is moderately wounded.
The two-headed ogre hits you with a +0 giant club!!
You die...

#### .....
.....
......
......#####
......O@..#
......#.###
..... #.#
.... #.#
### #.# #.#
#.# #.# #.#


You could see a two-headed ogre.

Vanquished Creatures
  An unseen horror (D:9)
  A troll (D:7)
  Prince Ribbit (D:6)
  Sigmund (D:5)
  A vampire (D:9)
  3 wyverns
  Menkaure (D:4)
  2 ice beasts (D:6)
  A black bear (D:5)
  5 orc warriors
  3 ogres
  2 centaurs
  2 phantoms (D:5)
  3 kobold brigands
  3 bullfrogs
  2 necrophages (D:5)
  2 scorpions
  8 wights
  4 water moccasin zombies (Ossuary)
  2 killer bees (D:5)
  A howler monkey (D:4)
  3 hounds
  A gnoll bouda (D:7)
  6 orc priests
  Ijyb (D:5)
  Terence (D:2)
  An iguana (D:7)
  7 orc wizards
  2 mummies (Ossuary)
  Robin (D:3)
  7 gnolls
  9 adders
  A shadow imp (D:5)
  2 white imps (D:5)
  An adder zombie (Ossuary)
  4 dart slugs
  39 orcs
  5 ball pythons
  7 endoplasms
  A giant cockroach (D:2)
  4 gnoll zombies (Ossuary)
  15 goblins
  10 hobgoblins
  4 jackals (D:4)
  22 kobolds
  5 quokkas
  A frilled lizard (D:3)
  3 hobgoblin zombies (Ossuary)
  8 kobold zombies (Ossuary)
  7 orc zombies (Ossuary)
  2 rats (D:1)
229 creatures vanquished.

Vanquished Creatures (others)
  A human (D:4)
1 creature vanquished.

Grand Total: 230 creatures vanquished

Notes
Turn   | Place    | Note
-------+----------+-------------------------------------------
     0 | D:1      | qw the Tengu Warper began the quest for the Orb.
     0 | D:1      | Reached XP level 1. HP: 12/12 MP: 4/4
     0 | D:1      | 0 ||| qw: Version: 0.1-a-89-g26bdef1
     0 | D:1      | 0 ||| qw: Game counter: 152
     0 | D:1      | 0 ||| qw: Always use a shield: true
     0 | D:1      | 0 ||| qw: God list: Okawaru
     0 | D:1      | 0 ||| qw: Allow faded altars: false
     0 | D:1      | 0 ||| qw: Do Orc after D:15 true
     0 | D:1      | 0 ||| qw: Do second Lair branch before Depths: true
     0 | D:1      | 0 ||| qw: Lair rune preference: random
     0 | D:1      | 0 ||| qw: Plans: Normal
     0 | D:1      | 0 ||| PLANNING D:1-11
   219 | D:1      | 219 ||| Stepping ~*~*~tactically~*~*~ (hiding).
   235 | D:1      | 235 ||| Stepping ~*~*~tactically~*~*~ (stealth).
   302 | D:1      | 302 ||| Stepping ~*~*~tactically~*~*~ (stealth).
   303 | D:1      | 303 ||| Stepping ~*~*~tactically~*~*~ (stealth).
   305 | D:1      | 305 ||| Stepping ~*~*~tactically~*~*~ (stealth).
   307 | D:1      | 307 ||| Stepping ~*~*~tactically~*~*~ (stealth).
   317 | D:1      | Reached XP level 2. HP: 16/17 MP: 6/6
   338 | D:1      | Reached skill level 3 in Axes
  1090 | D:1      | 1090 ||| UPGRADING to +0 cloak.
  1095 | D:1      | 1095 ||| DROPPING amulet of magic regeneration.
  1096 | D:1      | 1096 ||| UPGRADING to +4 ring of slaying {mikee}.
  1097 | D:1      | 1097 ||| READING scroll labelled PIGAOQ YBBIJODD.
  1098 | D:1      | 1098 ||| READING 2 scrolls labelled UHICKU SOIXODO.
  1099 | D:1      | 1099 ||| READING scroll labelled TIAMNI ACOY.
  1100 | D:1      | 1100 ||| DROPPING scroll of blinking.
  1179 | D:2      | Found a runed translucent door.
  1180 | D:2      | Noticed Crazy Yiuf
  1379 | D:2      | Reached XP level 3. HP: 19/21 MP: 7/7
  1383 | D:2      | 1383 ||| FLEEEEING.
  1476 | D:2      | Reached skill level 4 in Axes
  1476 | D:2      | Found a faded altar of an unknown god.
  1756 | D:2      | Noticed Terence
  1764 | D:2      | Killed Terence
  1765 | D:2      | Reached XP level 4. HP: 19/26 MP: 8/8
  2171 | D:2      | 2171 ||| FLEEEEING.
  2172 | D:2      | 2172 ||| FLEEEEING.
  2173 | D:2      | 2173 ||| FLEEEEING.
  2174 | D:2      | 2174 ||| FLEEEEING.
  2181 | D:2      | 2181 ||| STAIRDANCE
  2209 | D:1      | 2209 ||| UPGRADING to +0 scale mail.
  2219 | D:1      | 2219 ||| DROPPING +0 leather armour.
  2220 | D:1      | 2220 ||| READING scroll labelled ICROIN NOTEYC.
  2221 | D:1      | 2221 ||| READING scroll labelled JEUQOT PUTZ.
  2222 | D:1      | 2222 ||| READING scroll labelled FUEZOJ HIUSUA.
  2227 | D:1      | 2227 ||| READING 2 scrolls of identify.
  2227 | D:1      | 2227 ||| IDENTIFYING dark potion
  2268 | D:2      | 2268 ||| FLEEEEING.
  2357 | D:2      | 2357 ||| Stepping randomly (stuck).
  2373 | D:3      | 2373 ||| STAIRDANCE
  2403 | D:3      | Reached skill level 5 in Axes
  2428 | D:3      | Found a broken altar of Ashenzari.
  2429 | D:3      | Found a sacrificial altar of Ru.
  2430 | D:3      | Found a glowing silver altar of Zin.
  2430 | D:3      | Found a white marble altar of Elyvilon.
  2430 | D:3      | Found a snail-covered altar of Cheibriados.
  2430 | D:3      | Found a basalt altar of Yredelemnul.
  2432 | D:3      | Found a blossoming altar of Fedhas.
  2433 | D:3      | Found an iron altar of Okawaru.
  2436 | D:3      | Became a worshipper of Warmaster Okawaru
  2438 | D:3      | Found a shadowy altar of Dithmenos.
  2467 | D:3      | 2467 ||| Stepping ~*~*~tactically~*~*~ (stealth).
  2473 | D:3      | 2473 ||| Stepping ~*~*~tactically~*~*~ (stealth).
  2487 | D:3      | 2487 ||| Stepping ~*~*~tactically~*~*~ (hiding).
  2491 | D:3      | 2491 ||| FLEEEEING.
  2492 | D:3      | 2492 ||| FLEEEEING.
  2493 | D:3      | 2493 ||| FLEEEEING.
  2494 | D:3      | 2494 ||| FLEEEEING.
  2494 | D:3      | Noticed Robin
  2495 | D:3      | 2495 ||| FLEEEEING.
  2497 | D:3      | 2497 ||| FLEEEEING.
  2504 | D:3      | Killed Robin
  2508 | D:3      | 2508 ||| Stepping ~*~*~tactically~*~*~ (hiding).
  2689 | D:3      | Found a glowing golden altar of the Shining One.
  2690 | D:3      | 2690 ||| DROPPING +0 club.
  2841 | D:3      | Gained mutation: Your magical nature lets you fly swiftly
                  | and evasively. [Tengu growth]
  2841 | D:3      | Reached XP level 5. HP: 30/30 MP: 9/9
  3670 | D:3      | 3670 ||| UPGRADING to +2 leather armour of poison
                  | resistance.
  3680 | D:3      | 3680 ||| READING scroll labelled QEHURO LEELECI.
  3681 | D:3      | 3681 ||| READING 2 scrolls of identify.
  3681 | D:3      | 3681 ||| IDENTIFYING sedimented black potion
  3729 | D:4      | 3729 ||| Stepping ~*~*~tactically~*~*~ (stealth).
  3731 | D:4      | 3731 ||| Stepping ~*~*~tactically~*~*~ (stealth).
  3732 | D:4      | 3732 ||| Stepping ~*~*~tactically~*~*~ (stealth).
  3884 | D:4      | Reached skill level 6 in Axes
  3890 | D:4      | Found an ancient bone altar of Kikubaaqudgha.
  3891 | D:4      | Noticed a human
  3893 | D:4      | Killed a human
  3964 | D:4      | 3964 ||| FLEEEEING.
  4083 | D:4      | Noticed an ogre
  4093 | D:4      | Killed an ogre
  4094 | D:4      | Reached skill level 7 in Axes
  4094 | D:4      | Reached XP level 6. HP: 35/35 MP: 10/10
  4157 | D:4      | 4157 ||| SWAPPING to +0 war axe.
  4158 | D:4      | 4158 ||| DROPPING +0 hand axe.
  4219 | D:4      | Noticed Menkaure
  4220 | D:4      | 4220 ||| Stepping ~*~*~tactically~*~*~ (hiding).
  4232 | D:4      | Killed Menkaure
  4232 | D:4      | Reached * piety under Okawaru
  4233 | D:4      | Reached skill level 3 in Fighting
  4271 | D:4      | 4271 ||| DROPPING +0 scale mail.
  4272 | D:4      | 4272 ||| UPGRADING to +0 plate armour.
  4282 | D:4      | 4282 ||| DROPPING +2 leather armour of poison resistance.
  4283 | D:4      | 4283 ||| DROPPING amulet of faith.
  4284 | D:4      | 4284 ||| READING scroll labelled OKOCUIP NOSET.
  4285 | D:4      | 4285 ||| DRINKING 3 fuming puce potions.
  4286 | D:4      | 4286 ||| DRINKING 2 bubbling dark potions.
  4286 | D:4      | Gained mutation: You are strong-willed. (Will+) [potion of
                  | mutation]
  4286 | D:4      | Gained mutation: You have hidden genetic potential. [potion
                  | of mutation]
  4287 | D:4      | 4287 ||| DROPPING 2 potions of degeneration.
  4301 | D:5      | Entered Level 5 of the Dungeon
  4392 | D:5      | 4392 ||| FLEEEEING.
  4393 | D:5      | 4393 ||| FLEEEEING.
  4394 | D:5      | 4394 ||| FLEEEEING.
  4401 | D:5      | 4401 ||| FLEEEEING.
  4407 | D:5      | 4407 ||| STAIRDANCE
  4520 | D:5      | 4520 ||| INVOKING Heroism.
  4526 | D:5      | Reached XP level 7. HP: 41/41 MP: 8/11
  4651 | D:5      | Reached skill level 1 in Invocations
  4712 | D:5      | 4712 ||| INVOKING Heroism.
  4818 | D:5      | 4818 ||| Stepping ~*~*~tactically~*~*~ (stealth).
  4819 | D:5      | 4819 ||| Stepping ~*~*~tactically~*~*~ (hiding).
  4823 | D:5      | Noticed Ijyb
  4824 | D:5      | 4824 ||| INVOKING Heroism.
  4827 | D:5      | Noticed Sigmund
  4828 | D:5      | 4828 ||| Stepping ~*~*~tactically~*~*~ (stealth).
  4831 | D:5      | Reached skill level 3 in Armour
  4831 | D:5      | 4831 ||| Stepping ~*~*~tactically~*~*~ (hiding).
  4834 | D:5      | Killed Ijyb
  4837 | D:5      | Killed Sigmund
  4837 | D:5      | Reached ** piety under Okawaru
  4838 | D:5      | Reached skill level 3 in Invocations
  4847 | D:5      | Gained mutation: You are robust. (+10% HP) [hidden
                  | potential]
  5027 | D:5      | 5027 ||| UPGRADING to +0 pair of gloves.
  5033 | D:5      | 5033 ||| READING scroll labelled JOQEIRED USMEA.
  5034 | D:5      | 5034 ||| READING 2 scrolls of identify.
  5034 | D:5      | 5034 ||| IDENTIFYING ruby potion
  5035 | D:5      | 5035 ||| DROPPING potion of ambrosia.
  5036 | D:5      | 5036 ||| READING 6 scrolls of teleportation.
  5089 | D:5      | 5089 ||| READING 5 scrolls of teleportation.
  5092 | D:5      | 5092 ||| INVOKING Heroism.
  5096 | D:5      | Reached XP level 8. HP: 46/50 MP: 9/12
  5128 | D:5      | Reached skill level 8 in Axes
  5131 | D:5      | 5131 ||| Stepping ~*~*~tactically~*~*~ (hiding).
  5147 | D:5      | 5147 ||| Stepping ~*~*~tactically~*~*~ (stealth).
  5167 | D:5      | 5167 ||| INVOKING Heroism.
  5181 | D:5      | 5181 ||| Stepping ~*~*~tactically~*~*~ (hiding).
  5190 | D:5      | Gained mutation: Your flesh is heat resistant. (rF+)
                  | [hidden potential]
  5190 | D:5      | Lost mutation: You have hidden genetic potential. [hidden
                  | potential expressed]
  5241 | D:5      | 5241 ||| UPGRADING to amulet of the acrobat.
  5246 | D:5      | 5246 ||| READING scroll labelled OFENIMN GIYTSERI.
  5247 | D:5      | 5247 ||| READING 4 scrolls of teleportation.
  5294 | D:5      | 5294 ||| READING 3 scrolls of teleportation.
  5338 | D:5      | 5338 ||| READING 2 scrolls of teleportation.
  5399 | D:5      | 5399 ||| READING scroll of teleportation.
  5438 | D:5      | 5438 ||| Stepping randomly (stuck).
  5439 | D:5      | 5439 ||| Stepping randomly (stuck).
  5440 | D:5      | 5440 ||| Stepping randomly (stuck).
  5441 | D:5      | 5441 ||| Stepping randomly (stuck).
  5442 | D:5      | 5442 ||| Stepping randomly (stuck).
  5443 | D:5      | 5443 ||| Stepping randomly (stuck).
  5444 | D:5      | 5444 ||| Stepping randomly (stuck).
  5445 | D:5      | 5445 ||| Stepping randomly (stuck).
  5446 | D:5      | 5446 ||| Stepping randomly (stuck).
  5448 | D:5      | 5448 ||| Stepping randomly (stuck).
  5451 | D:5      | 5451 ||| Stepping randomly (stuck).
  5452 | D:5      | 5452 ||| Stepping randomly (stuck).
  5453 | D:5      | 5453 ||| Stepping randomly (stuck).
  5454 | D:5      | 5454 ||| Stepping randomly (stuck).
  5455 | D:5      | 5455 ||| Stepping randomly (stuck).
  5456 | D:5      | 5456 ||| Stepping randomly (stuck).
  5457 | D:5      | 5457 ||| Stepping randomly (stuck).
  5458 | D:5      | 5458 ||| Stepping randomly (stuck).
  5459 | D:5      | 5459 ||| Stepping randomly (stuck).
  5463 | D:5      | 5463 ||| Stepping randomly (stuck).
  5464 | D:5      | 5464 ||| Stepping randomly (stuck).
  5465 | D:5      | 5465 ||| Stepping randomly (stuck).
  5466 | D:5      | 5466 ||| Stepping randomly (stuck).
  5467 | D:5      | 5467 ||| Stepping randomly (stuck).
  5468 | D:5      | 5468 ||| Stepping randomly (stuck).
  5469 | D:5      | 5469 ||| Stepping randomly (stuck).
  5470 | D:5      | 5470 ||| Stepping randomly (stuck).
  5471 | D:5      | 5471 ||| Stepping randomly (stuck).
  5472 | D:5      | 5472 ||| Stepping randomly (stuck).
  5473 | D:5      | 5473 ||| Stepping randomly (stuck).
  5474 | D:5      | 5474 ||| Stepping randomly (stuck).
  5521 | D:5      | 5521 ||| FLEEEEING.
  5570 | D:5      | 5570 ||| Stepping ~*~*~tactically~*~*~ (stealth).
  5571 | D:5      | 5571 ||| Stepping ~*~*~tactically~*~*~ (stealth).
  5582 | D:5      | Reached skill level 9 in Axes
  5657 | D:5      | 5657 ||| SWAPPING to +1 vampiric war axe.
  5658 | D:5      | 5658 ||| DROPPING +1 war axe.
  5677 | D:5      | Identified the +2 robe of Qeniv {Harm *Slow +Blink}
  5678 | D:5      | 5678 ||| READING 3 scrolls of identify.
  5678 | D:5      | 5678 ||| IDENTIFYING lumpy ruby potion
  5679 | D:5      | 5679 ||| READING 2 scrolls of identify.
  5679 | D:5      | 5679 ||| IDENTIFYING inky potion
  5680 | D:5      | 5680 ||| DROPPING potion of flight.
  5681 | D:5      | 5681 ||| DROPPING potion of berserk rage.
  5759 | D:6      | 5759 ||| INVOKING Heroism.
  5788 | D:6      | 5788 ||| DROPPING +0 mace.
  5839 | D:6      | 5839 ||| INVOKING Heroism.
  5841 | D:6      | 5841 ||| Stepping ~*~*~tactically~*~*~ (hiding).
  5847 | D:6      | Reached XP level 9. HP: 52/57 MP: 11/13
  5866 | D:6      | 5866 ||| DROPPING +0 flail.
  5879 | D:6      | 5879 ||| Stepping ~*~*~tactically~*~*~ (hiding).
  5887 | D:6      | 5887 ||| Stepping ~*~*~tactically~*~*~ (hiding).
  5941 | D:6      | 5941 ||| Stepping ~*~*~tactically~*~*~ (stealth).
  6013 | D:6      | 6013 ||| Stepping ~*~*~tactically~*~*~ (stealth).
  6025 | D:6      | Found a staircase to the Ecumenical Temple.
  6186 | D:6      | Found a shimmering blue altar of Sif Muna.
  6246 | D:6      | Reached *** piety under Okawaru
  6247 | D:6      | Reached skill level 10 in Axes
  6435 | D:6      | 6435 ||| INVOKING Heroism.
  6573 | D:6      | 6573 ||| Stepping ~*~*~tactically~*~*~ (stealth).
  6650 | D:6      | 6650 ||| Stepping ~*~*~tactically~*~*~ (hiding).
  6904 | D:6      | Noticed Prince Ribbit
  6905 | D:6      | 6905 ||| INVOKING Heroism.
  6911 | D:6      | Killed Prince Ribbit
  6954 | D:6      | 6954 ||| UPGRADING to +6 ring of dexterity.
  6955 | D:6      | 6955 ||| READING scroll labelled LIYGYI LOAL.
  6956 | D:6      | 6956 ||| READING 2 scrolls of identify.
  6956 | D:6      | 6956 ||| IDENTIFYING orange potion
  6987 | D:7      | 6987 ||| PLANNING OSSUARY
  7025 | D:7      | 7025 ||| Stepping ~*~*~tactically~*~*~ (stealth).
  7032 | D:7      | 7032 ||| INVOKING Heroism.
  7033 | D:7      | 7033 ||| Stepping ~*~*~tactically~*~*~ (stealth).
  7037 | D:7      | 7037 ||| Stepping ~*~*~tactically~*~*~ (stealth).
  7038 | D:7      | 7038 ||| Stepping ~*~*~tactically~*~*~ (stealth).
  7047 | D:7      | Reached skill level 3 in Dodging
  7070 | D:7      | 7070 ||| FLEEEEING.
  7071 | D:7      | 7071 ||| FLEEEEING.
  7072 | D:7      | 7072 ||| FLEEEEING.
  7073 | D:7      | 7073 ||| FLEEEEING.
  7074 | D:7      | 7074 ||| FLEEEEING.
  7075 | D:7      | 7075 ||| FLEEEEING.
  7076 | D:7      | 7076 ||| FLEEEEING.
  7078 | D:7      | 7078 ||| FLEEEEING.
  7079 | D:7      | 7079 ||| FLEEEEING.
  7080 | D:7      | 7080 ||| STAIRDANCE
  7268 | D:7      | 7268 ||| Stepping ~*~*~tactically~*~*~ (stealth).
  7310 | D:7      | 7310 ||| Stepping ~*~*~tactically~*~*~ (hiding).
  7312 | D:7      | 7312 ||| Stepping ~*~*~tactically~*~*~ (hiding).
  7431 | D:7      | 7431 ||| FLEEEEING.
  7442 | D:7      | Reached skill level 11 in Axes
  7471 | D:7      | Found a sand-covered staircase.
  7472 | D:7      | 7472 ||| UPGRADING to +0 plate armour of positive energy.
  7482 | D:7      | 7482 ||| DROPPING +0 plate armour.
  7483 | D:7      | 7483 ||| READING 2 scrolls of identify.
  7483 | D:7      | 7483 ||| IDENTIFYING fizzy pink potion
  7484 | D:7      | 7484 ||| DROPPING potion of invisibility.
  7490 | Ossuary  | Entered an ossuary
  7721 | Ossuary  | 7721 ||| INVOKING Heroism.
  7799 | Ossuary  | 7799 ||| READING scroll of enchant weapon.
  7799 | Ossuary  | 7799 ||| ENCHANTING +1 vampiric war axe.
  7810 | Ossuary  | 7810 ||| READING scroll of enchant weapon.
  7810 | Ossuary  | 7810 ||| ENCHANTING +2 vampiric war axe.
  7819 | Ossuary  | 7819 ||| DRINKING 3 fizzy orange potions.
  7850 | Ossuary  | 7850 ||| DRINKING 2 emerald potions.
  7851 | Ossuary  | 7851 ||| READING 3 scrolls of identify.
  7851 | Ossuary  | 7851 ||| IDENTIFYING purple potion
  7852 | Ossuary  | 7852 ||| READING 2 scrolls of identify.
  7852 | Ossuary  | 7852 ||| IDENTIFYING golden potion
  7853 | Ossuary  | 7853 ||| DROPPING 2 potions of lignification.
  7854 | Ossuary  | 7854 ||| DROPPING potion of attraction.
  7860 | D:7      | 7860 ||| PLANNING D:1-11
  7900 | D:7      | 7900 ||| Stepping ~*~*~tactically~*~*~ (hiding).
  7925 | D:7      | 7925 ||| Stepping ~*~*~tactically~*~*~ (stealth).
  7926 | D:7      | 7926 ||| INVOKING Heroism.
  7966 | D:7      | Reached skill level 6 in Armour
  8111 | D:7      | 8111 ||| Stepping ~*~*~tactically~*~*~ (stealth).
  8115 | D:7      | Noticed a troll
  8116 | D:7      | 8116 ||| Stepping ~*~*~tactically~*~*~ (stealth).
  8118 | D:7      | 8118 ||| INVOKING Heroism.
  8125 | D:7      | Killed a troll
  8126 | D:7      | Reached skill level 3 in Throwing
  8126 | D:7      | Reached XP level 10. HP: 64/64 MP: 11/14
  8542 | D:7      | 8542 ||| UPGRADING to amulet of reflection.
  8552 | D:7      | 8552 ||| DROPPING amulet of the acrobat.
  8553 | D:7      | 8553 ||| DROPPING amulet of regeneration.
  8554 | D:7      | 8554 ||| READING scroll labelled KOQEGE FYLA.
  8569 | D:8      | 8569 ||| Stepping ~*~*~tactically~*~*~ (stealth).
  8573 | D:8      | 8573 ||| Stepping ~*~*~tactically~*~*~ (hiding).
  8574 | D:8      | 8574 ||| Stepping ~*~*~tactically~*~*~ (hiding).
  8577 | D:8      | 8577 ||| INVOKING Heroism.
  8583 | D:8      | 8583 ||| Stepping ~*~*~tactically~*~*~ (stealth).
  8591 | D:8      | 8591 ||| Stepping ~*~*~tactically~*~*~ (stealth).
  8592 | D:8      | 8592 ||| STAIRDANCE
  8666 | D:8      | 8666 ||| STAIRDANCE
  8668 | D:7      | 8668 ||| INVOKING Heroism.
  8696 | D:8      | 8696 ||| STAIRDANCE
  8780 | D:8      | 8780 ||| STAIRDANCE
  8893 | D:8      | Found a transporter.
  8893 | D:8      | Found the amulet of the Four Winds {rN+ Will+++ Clar}
  8895 | D:8      | Noticed a manticore
  8901 | D:8      | Noticed a gargoyle
  8901 | D:8      | Noticed a boulder beetle
  8904 | D:8      | Noticed a centaur warrior
  8908 | D:8      | Noticed a boulder beetle
  8919 | D:8      | 8919 ||| Stepping ~*~*~tactically~*~*~ (hiding).
  8931 | D:8      | 8931 ||| Stepping ~*~*~tactically~*~*~ (stealth).
  8933 | D:8      | 8933 ||| Stepping ~*~*~tactically~*~*~ (hiding).
  8934 | D:8      | 8934 ||| Stepping ~*~*~tactically~*~*~ (hiding).
  8939 | D:8      | Reached **** piety under Okawaru
  9074 | D:8      | Found a transporter.
  9169 | D:8      | 9169 ||| Stepping ~*~*~tactically~*~*~ (stealth).
  9255 | D:8      | Reached skill level 12 in Axes
  9561 | D:8      | 9561 ||| Stepping ~*~*~tactically~*~*~ (hiding).
  9741 | D:8      | 9741 ||| INVOKING Heroism.
  9788 | D:8      | 9788 ||| UPGRADING to ring of poison resistance.
  9790 | D:8      | 9790 ||| UPGRADING to +4 ring of slaying {mikee}.
  9792 | D:8      | 9792 ||| READING scroll labelled REIGONU GUOZ.
 10058 | D:9      | 10058 ||| Stepping ~*~*~tactically~*~*~ (stealth).
 10060 | D:9      | 10060 ||| INVOKING Heroism.
 10122 | D:9      | 10122 ||| Stepping ~*~*~tactically~*~*~ (stealth).
 10128 | D:9      | 10128 ||| Stepping ~*~*~tactically~*~*~ (stealth).
 10217 | D:9      | Identified the +11 quarterstaff of the Hills {freeze, rF++
                  | Str+2 Int+3}
 10378 | D:9      | Killed an unseen horror
 10379 | D:9      | Reached skill level 6 in Fighting
 10572 | D:9      | Received a gift from Okawaru
 10712 | D:9      | Noticed a two-headed ogre
 10713 | D:9      | 10713 ||| INVOKING Heroism.
 10715 | D:9      | Slain by a two-headed ogre

Levels and vault maps discovered:
D:1:      sevenhm_arrival_forest_fort_large_2, layout_basic,
          amcnicky_mini_pool_small
D:2:      layout_loops_corners, hellmonk_ecumenical_altar_run_dry,
          minmay_goblin_outpost, uniq_crazy_yiuf_cottage, uniq_terence
D:3:      layout_loops_corners, nicolae_tso_carved_into_rock, minitemple,
          minivault_4, minmay_misc_feat_x, uniq_robin
D:4:      layout_cave_pools, tgw_kikubaaqudgha, minmay_misc_feat_plants,
          uniq_menkaure
D:5:      kennysheep_windowed_halls, layout_basic, uniq_sigmund, uniq_ijyb
D:6:      cheibrodos_helix_gallery, layout_basic,
          nicolae_sif_muna_little_library, minmay_temple_entry_large_hall,
          uniq_prince_ribbit1
D:7:      layout_basic, nicolae_ossuary_entry_plus
D:8:      gammafunk_sealed_arena, layout_basic, minmay_misc_feat_rugged
D:9:      layout_basic, hangedman_glass_teeth, uniq_erica

Skill      XL: |  1  2  3  4  5  6  7  8  9 10 |
---------------+-------------------------------+-----
Axes           | 3 4 5 7 9 11 12 | 12.1
Fighting       | 3 4 5 6 |  6.0
Armour         | 3 4 6 |  6.2
Invocations    | 3 4 5 |  5.1
Dodging        | 3 |  3.1
Throwing       | 3 |  3.6
Spellcasting   | |  2.0
Translocations | |  2.4

Action                   |  1- 3 |  4- 6 |  7- 9 | 10-12 || total
-------------------------+-------+-------+-------+-------++-------
Melee: Hand axe          |    46 |    95 |       |       ||   141
       Peck              |     6 |    19 |    44 |    13 ||    82
       Kick              |    12 |    19 |    56 |    21 ||   108
       War axe           |       |    12 |   228 |    81 ||   321
       Punch             |       |       |     4 |     2 ||     6
Throw: Boomerang         |     7 |       |    26 |     5 ||    38
       Javelin           |       |       |    17 |    26 ||    43
Invok: Heroism           |       |     1 |    12 |     5 ||    18
  Use: Scroll            |     3 |     7 |    18 |     2 ||    30
       Potion            |       |     2 |     2 |       ||     4
Armor: Leather armour    |     8 |     8 |       |       ||    16
       Scale mail        |       |    16 |       |       ||    16
       Plate armour      |       |     6 |    95 |    60 ||   161
Dodge: Dodged            |    18 |    56 |    50 |    20 ||   144
Block: Other             |       |       |       |    12 ||    12

Table legend:
 A = Non-vault XP
 B = Vault XP
 C = Vault XP percentage of total XP
 D = Non-vault monster count
 E = Vault monster count
 F = Vault count percentage of total count
                 A         B        C        D         E       F
            +---------+---------+-------+---------+---------+-------
      Total |    5227 |    2137 |  29.0 |     154 |      75 |  32.8
            +---------+---------+-------+---------+---------+-------
        D:1 |      28 |       0 |   0.0 |      13 |       0 |   0.0
        D:2 |      37 |      48 |  56.5 |       7 |       7 |  50.0
        D:3 |      63 |      38 |  37.6 |      19 |      13 |  40.6
        D:4 |     194 |     172 |  47.0 |      13 |       1 |   7.1
        D:5 |     413 |    1130 |  73.2 |      11 |      22 |  66.7
        D:6 |    1090 |     371 |  25.4 |      25 |       3 |  10.7
        D:7 |    1303 |       0 |   0.0 |      25 |       0 |   0.0
        D:8 |     906 |       0 |   0.0 |      23 |       0 |   0.0
        D:9 |    1193 |       0 |   0.0 |      18 |       0 |   0.0
    Ossuary |       0 |     378 | 100.0 |       0 |      29 | 100.0
            +---------+---------+-------+---------+---------+-------
